 Dungeon Crawl Stone Soup version 0.29.1-2-gbd0b4ee654 (webtiles) character file.

Game seed: 886651969099522472

1391 Tirrikindir the Trooper (level 8, -2/55 HPs)
             Began as an Octopode Fighter on Oct 29, 2022.
             Was an Elder of Cheibriados.
             Slain by an orc warrior
             ... wielding a +0 war axe
              (17 damage)
             ... on level 6 of the Dungeon on Nov 3, 2022.
             The game lasted 00:15:48 (5962 turns).

Tirrikindir the Trooper (Octopode Fighter)          Turns: 5962, Time: 00:15:49

Health: -2/55      AC:  3    Str: 25    XL:     8   Next: 68%
Magic:  20/20      EV: 19    Int: 21    God:    Cheibriados [****..]
Gold:   489        SH:  6    Dex: 23    Spells: 8/12 levels left

rFire   + . .      SeeInvis +   x - +0 staff of Battle
rCold   . . .      Faith    .   b - +0 buckler
rNeg    . . .      Spirit   .   (helmet restricted)
rPois   .          Reflect  .   q - amulet of regeneration
rElec   .          Harm     .   i - ring of protection from fire
rCorr   .          Rampage  .   g - +4 ring of evasion
Will    .....      Clarity  +   l - ring of magical power
Stlth   ++++......              (no ring)
HPRegen 0.98/turn               (no ring)
MPRegen 0.17/turn               (no ring)
                                (no ring)
                                (no ring)

@: very slow
A: almost no armour, amphibious, 8 rings, camouflage 1, gelatinous body 1,
(nimble swimmer 1), tentacles, iridescent scales 1, see invisible, clarity
a: Renounce Religion, Bend Time, Temporal Distortion, Slouch


You were on level 6 of the Dungeon.
You worshipped Cheibriados.
Cheibriados was greatly pleased with you.
You visited 1 branch of the dungeon, and saw 6 of its levels.
You also visited: Ossuary.

You collected 1157 gold pieces.
You spent 668 gold pieces at shops.

Inventory:

Hand Weapons
 a - a +0 long sword
 n - a +4 flail of protection
 x - the +0 staff of Battle (weapon)
   (You acquired it on level 4 of the Dungeon)

   It enhances your conjuration magic.
   It summons a battlesphere in combat, with strength depending on Conjurations
   skill.
   Its strikes trigger the battlesphere's blasts.
Missiles
 k - 3 boomerangs (quivered)
Armour
 b - a +0 buckler (worn)
Magical Staves
 e - a staff of cold
Jewellery
 d - a ring of fire
 g - a +4 ring of evasion (right tentacle)
 i - a ring of protection from fire (left tentacle)
 l - a ring of magical power (on tentacle)
 q - an amulet of regeneration (around mantle)
Wands
 w - a wand of flame (15)
Scrolls
 h - 2 scrolls of butterflies
 m - a scroll of enchant armour
 t - a scroll of teleportation {unknown}
Potions
 c - 3 potions of might
 f - 4 potions of flight
 j - a potion of brilliance
 o - 2 potions of magic
 p - a potion of mutation
 r - a potion of curing {unknown}
 s - a potion of heal wounds {unknown}
 u - a potion of lignification {unknown}
 v - a potion of experience {unknown}
 z - a potion of degeneration {unknown}


   Skills:
 - Level 5.0 Fighting
 - Level 2.3 Long Blades
 + Level 2.6 Staves
 - Level 4.0 Dodging
 + Level 4.1 Stealth
 + Level 4.5 Shields
 + Level 2.5 Spellcasting
 * Level 0.2 Conjurations
 + Level 2.3 Hexes
 + Level 3.7 Ice Magic
 + Level 3.1 Invocations
 + Level 3.0 Evocations


You had 8 spell levels left.
You knew the following spells:

 Your Spells              Type           Power      Damage    Failure   Level
a - Ensorcelled Hibernat  Hex/Ice        30%        N/A       8%          2
b - Searing Ray           Conj           10%        2d4       24%         2

Your spell library contained the following spells:

 Spells                   Type           Power      Damage    Failure   Level
 Magic Dart               Conj           20%        1d4       16%         1
 Sandblast                Erth           4%         2d4       19%         1
 Passwall                 Tmut/Erth      1%         N/A       26%         2
 Stone Arrow              Conj/Erth      8%         3d7       45%         3
 Swiftness                Air            2%         N/A       47%         3
 Fulminant Prism          Conj/Hex       6%         3d7       71%         4
 Summon Forest            Summ/Tloc      1%         N/A       99%         5
 Eringya's Noxious Bog    Tmut/Pois      1%         N/A       100%        6
 Summon Hydra             Summ           1%         N/A       100%        7


Dungeon Overview and Level Annotations

Branches:
Dungeon (6/15)            Ossuary (visited)
 Temple: D:4-7

Altars:
Cheibriados
Hepliaklqana
Makhleb
Okawaru
Vehumet
The Shining One

Shops:
D:3 [   D:4 *   D:5 ?


Innate Abilities, Weirdness & Mutations

You cannot wear most types of armour.
You are amphibious.
You can wear up to eight rings at the same time.
Your skin changes colour to match your surroundings (Stealth+).
Your rubbery body absorbs attacks. (AC +1, EV +1)
((You are camouflaged when in or above water. (Stealth+)))
You have tentacles for arms and can constrict up to eight enemies at once.
You are partially covered in iridescent scales. (AC +2)
You have supernaturally acute eyesight. (SInv)
You possess an exceptional clarity of mind.


Message History

Found a lumpy red potion.
Found a club.
Found a scroll of identify.
Found a stone staircase leading up.
Found 11 stones.
An orc and an ice beast come into view.
Found an encrusted fluorescent wand.
You conjure a globe of magical energy.
You see here a lumpy red potion.
z - a lumpy red potion The orc shouts!
You hear a shout!
An orc warrior comes into view. It is wielding a +0 war axe.
An orc comes into view. It is wielding a +0 whip.
The orc completely misses you.
You hit the orc. You grab the orc. You squeeze the orc.
You kill the orc!
Cheibriados appreciates the change of pace.
Your battlesphere fires!
The barrage of energy hits the orc warrior!
The orc warrior is moderately wounded.
A sky beast comes into view.
Found a cyan potion.
The ice beast hits you. The ice beast freezes you!
You hit the ice beast but do no damage. You squeeze the ice beast!
The ice beast is heavily wounded.
Your battlesphere fires!
The barrage of energy hits the orc!
You kill the orc!
Cheibriados appreciates the change of pace.
An orc comes into view. It is wielding a +0 dagger.
The ice beast misses you.
An orc comes into view. It is wielding a +0 dagger.
The ice beast attacks as you move away! The ice beast hits you.
The ice beast freezes you!
Your battlesphere wavers and loses cohesion.
The orc warrior hits you with a +0 war axe!!
* * * LOW HITPOINT WARNING * * *
The ice beast misses you. The orc warrior barely misses you.
A scorpion comes into view.
There is a stone staircase leading up, spattered with blood here.
You conjure a globe of magical energy.
You block the ice beast's attack.
The orc warrior hits you with a +0 war axe!
You die...

..s.....#... ........#..#
.! ..........# /.. #
.)...o...##.# . #.
#..o....(..#..
...#............
......(.o.......# .....
##.*@Y.....##
..)..##.#.....Y...#.
#.......#...........
#####...................
##<..##.....##..........#
##....##....[..........#..
#......####>..........## .
###...####............#
#........#..............


You could see an orc warrior, an ice beast, a sky beast, a scorpion (wandering),
2 orcs and a friendly battlesphere.

Vanquished Creatures
  Menkaure (D:4)
  Edmund (D:4)
  2 water moccasins (D:5)
  An ogre (D:5)
  2 necrophages
  A scorpion (D:5)
  4 water moccasin zombies (Ossuary)
  3 hounds
  Terence (D:3)
  An iguana (D:4)
  6 orc wizards
  2 mummies (Ossuary)
  3 adders
  A shadow imp (D:4)
  6 adder zombies (Ossuary)
  A worm (D:2)
  A dart slug (D:2)
  11 orcs
  4 bats
  5 endoplasms
  6 giant cockroaches
  2 gnoll zombies (Ossuary)
  4 goblins
  7 hobgoblins
  5 jackals
  3 quokkas
  6 ball pythons
  2 frilled lizards
  11 hobgoblin zombies (Ossuary)
  6 kobolds
  4 kobold zombies (Ossuary)
  6 orc zombies (Ossuary)
  5 rats
124 creatures vanquished.

Vanquished Creatures (others)
  3 plants
3 creatures vanquished.

Grand Total: 127 creatures vanquished

Notes
Turn   | Place    | Note
-------+----------+-------------------------------------------
     0 | D:1      | Tirrikindir the Octopode Fighter began the quest for the
                  | Orb.
     0 | D:1      | Reached XP level 1. HP: 16/16 MP: 1/1
   252 | D:1      | Reached XP level 2. HP: 13/21 MP: 2/2
   396 | D:1      | Found a faded altar of an unknown god.
   400 | D:1      | Prayed at the altar of an unknown god.
   400 | D:1      | Became a worshipper of Cheibriados the Contemplative
   400 | D:1      | Reached * piety under Cheibriados
   414 | D:1      | Reached skill level 1 in Stealth
  1294 | D:2      | Reached XP level 3. HP: 15/26 MP: 3/3
  1825 | D:2      | Reached ** piety under Cheibriados
  2132 | D:3      | Found Qutseadi's Antique Armour Shop.
  2172 | D:3      | Reached XP level 4. HP: 3/31 MP: 4/4
  2510 | D:3      | Found a radiant altar of Vehumet.
  2549 | D:3      | Reached skill level 1 in Evocations
  2616 | D:3      | HP: 1/31 [something (5)]
  2619 | D:3      | Reached skill level 1 in Spellcasting
  2619 | D:3      | Reached skill level 1 in Invocations
  2619 | D:3      | Reached XP level 5. HP: 1/36 MP: 6/6
  2928 | D:3      | Noticed Terence
  2937 | D:3      | Killed Terence
  3087 | D:3      | Learned a level 2 spell: Ensorcelled Hibernation
  3161 | D:4      | Found Dibbamoewe's General Store.
  3204 | D:4      | Noticed Edmund
  3216 | D:4      | HP: 1/37 [Edmund/+4 flail of protection (12)]
  3217 | D:4      | Killed Edmund
  3218 | D:4      | Reached skill level 1 in Staves
  3218 | D:4      | Reached skill level 1 in Ice Magic
  3218 | D:4      | Reached XP level 6. HP: 1/43 MP: 7/7
  3275 | D:4      | Reached skill level 4 in Fighting
  3552 | D:4      | Reached *** piety under Cheibriados
  3566 | D:4      | Found an iron altar of Okawaru.
  3566 | D:4      | Found a hazy altar of Hepliaklqana.
  3800 | D:4      | Noticed Menkaure
  3809 | D:4      | Killed Menkaure
  3810 | D:4      | Reached skill level 1 in Hexes
  3810 | D:4      | Reached XP level 7. HP: 48/48 MP: 9/9
  3940 | D:4      | Found a snail-covered altar of Cheibriados.
  4641 | D:5      | Entered Level 5 of the Dungeon
  4663 | D:5      | Found Rutedab's Magic Scroll Boutique.
  4671 | D:5      | Bought 2 scrolls of identify for 48 gold pieces
  4671 | D:5      | Bought a scroll of identify for 24 gold pieces
  4671 | D:5      | Bought a scroll of identify for 24 gold pieces
  4674 | D:5      | Identified a scroll of acquirement
  4675 | D:5      | Acquired 963 gold pieces
  4852 | D:5      | Found a burning altar of Makhleb.
  5076 | D:5      | Found a sand-covered staircase.
  5088 | Ossuary  | Entered an ossuary
  5119 | Ossuary  | Reached XP level 8. HP: 48/54 MP: 11/11
  5148 | Ossuary  | Reached **** piety under Cheibriados
  5411 | D:5      | Found a glowing golden altar of the Shining One.
  5422 | D:5      | Reached skill level 5 in Fighting
  5553 | D:5      | Gained mutation: You have supernaturally acute eyesight.
                  | (SInv) [potion of mutation]
  5553 | D:5      | Gained mutation: You possess an exceptional clarity of
                  | mind. [potion of mutation]
  5553 | D:5      | Gained mutation: You are partially covered in iridescent
                  | scales. (AC +2) [potion of mutation]
  5886 | D:4      | Bought a scroll of acquirement for 572 gold pieces
  5888 | D:4      | Acquired the +0 staff of Battle
  5888 | D:4      | Found the +0 staff of Battle
  5893 | D:4      | Learned a level 2 spell: Searing Ray
  5962 | D:6      | Slain by an orc warrior

Illustrated notes

Levels and vault maps discovered:
D:1:      tarquinn_simple_flora_water_a, layout_basic,
          shapermc_ecumenical_altar_mp_ritualfount, solitary_fountain
D:2:      layout_rooms
D:3:      layout_rooms, mainiacjoe_overflow_chevrons, serial_shops,
          nicolae_shop_trees, uniq_terence
D:4:      layout_layer_cave, mainiacjoe_overflow_boulevard,
          gammafunk_temple_overflow_elements, serial_shops, kennysheep_mini,
          uniq_menkaure, uniq_edmund
D:5:      cheibrodos_quashed, layout_cave_pods, mainiacjoe_overflow_alcove_4,
          lightli_temple_of_fire, serial_shops, shop, enter_ossuary_1
D:6:      layout_cave_pools, lemuel_zombie_altar_yredelemnul, temple_pool_b,
          uniq_pikel

Skill      XL: |  1  2  3  4  5  6  7  8 |
---------------+-------------------------+-----
Stealth        | 1 2 3 4 |  4.1
Evocations     | 1 2 3 |  3.0
Spellcasting   | 1 2 |  2.5
Invocations    | 1 2 3 |  3.1
Staves         | 1 2 |  2.6
Ice Magic      | 1 2 3 |  3.7
Fighting       | 4 5 |  5.0
Hexes          | 1 2 |  2.3
Shields        | 4 |  4.5
Dodging        | 4 |  4.0
Long Blades    | |  2.3
Conjurations   | |  0.2

Action                   |  1- 3 |  4- 6 |  7- 9 || total
-------------------------+-------+-------+-------++-------
Melee: Long sword        |    32 |       |       ||    32
       Constrict         |    31 |    11 |    56 ||    98
       Tentacles         |    15 |    14 |    49 ||    78
       Punch             |     2 |     1 |     5 ||     8
       Staff             |    65 |    47 |   134 ||   246
Throw: Boomerang         |       |     2 |     5 ||     7
 Cast: Ensorcelled Hiber |       |       |     3 ||     3
  Use: Scroll            |     5 |     2 |     9 ||    16
       Potion            |     2 |     3 |     1 ||     6
 Stab: Sleeping          |     5 |     2 |     8 ||    15
       Distracted        |     1 |       |       ||     1
Armor: Skin              |    12 |     1 |     9 ||    22
Dodge: Dodged            |    98 |    27 |   105 ||   230
Block: Buckler           |    27 |    10 |    45 ||    82
